Map: Orbital Shipyard

Players

Mutation - Winner!

  • Race: Zerg Zerg
  • League: Silver

Javert

  • Race: Zerg Zerg
  • League: Silver

VOD

Have the link to the VOD?

Description

Time

  • Played on: July 17, 2015, 12:37 a.m.
  • Length: 6:53
Show
View Real Time Build Order
Export as new Build Order

Mutation Zerg - Winner!

Build Orders: Hatch First 

Get SALT Encoding   

  12  0:08  Overlord  
  12  0:13  Drone  
  13  0:18  Drone  
  14  0:27  Drone  
  15  0:33  Drone  
  16  0:45  Drone  
  17  0:53  Hatchery  
  17  0:56  Drone  
  17  1:10  Spawning Pool  
  16  1:16  Drone x2  
  18  1:20  Extractor  
  17  1:27  Drone  
  18  1:35  Drone  
  19  1:48  Overlord  
  19  1:57  Queen  
  21  2:04  Queen  
  23  2:10  Drone x2  
  25  2:18  Zergling x2  
  25  2:19  Zergling x2  
  25  2:21  Drone  
  28  2:35  Lair  
  28  2:40  Baneling Nest, Zergling x4  
  29  2:49  Drone x3  
  32  2:52  Extractor  
  31  3:15  Drone  
  31  3:16  Drone x4, Overlord  
  31  3:17  Overlord  
  36  3:31  Metabolic Boost, Roach Warren  
  36  3:33  Drone  
  36  3:35  Drone x3  
  36  3:38  Overlord  
  39  3:42  Drone  
  39  3:43  Drone  
  41  3:52  Drone x2  
  41  3:53  Evolution Chamber, Drone  
  43  3:58  Drone x2  
  43  4:00  Drone  
  46  4:03  Drone  
  46  4:04  Drone  
  46  4:06  Drone  
  49  4:11  Overseer  
  49  4:18  Zerg Missile Weapons Level 1, Glial Reconstitution  
  49  4:21  Drone x3  
  52  4:26  Drone, Extractor x2  
  52  4:27  Drone x2  
  52  4:29  Drone  
  54  4:32  Drone  
  54  4:34  Overlord  
  55  4:53  Roach x4  
  63  5:02  Overlord x2  
  63  5:07  Hatchery  
  63  5:14  Roach x3  
  64  5:16  Overlord  
  68  5:22  Roach  
  68  5:23  Roach x5  
  80  5:28  Ravager  
  80  5:29  Ravager  
  80  5:30  Ravager  
  80  5:31  Ravager  
  84  5:39  Drone x2  
  84  5:40  Evolution Chamber, Drone x3  
  88  5:46  Roach x2  
  92  5:56  Overlord x3  
  92  5:57  Overlord  
  91  6:10  Overlord x2  
  91  6:22  Roach x5  
Show
View Real Time Build Order
Export as new Build Order

Javert Zerg 

Build Orders: Hatch First 

Get SALT Encoding   

  12  0:01  Drone  
  13  0:13  Overlord  
  13  0:22  Drone  
  14  0:31  Drone x2  
  14  0:35  Drone  
  17  0:46  Drone  
  18  0:56  Hatchery  
  17  1:00  Drone  
  17  1:02  Extractor  
  17  1:07  Drone  
  18  1:18  Drone  
  19  1:23  Spawning Pool  
  18  1:29  Drone  
  19  1:44  Drone  
  20  1:52  Overlord  
  20  2:02  Drone  
  21  2:10  Metabolic Boost  
  21  2:11  Queen x2  
  21  2:13  Zergling x4  
  27  2:22  Drone  
  28  2:26  Zergling x2  
  29  2:34  Drone x2  
  31  2:48  Drone x2  
  33  2:56  Drone x2  
  35  3:06  Baneling Nest  
  35  3:08  Drone x2  
  34  3:16  Drone  
  35  3:21  Overlord  
  35  3:26  Drone  
  35  3:27  Drone  
  36  3:32  Overlord  
  36  3:36  Overlord  
  36  3:41  Drone x5  
  41  3:44  Overlord  
  41  3:52  Roach Warren  
  40  3:58  Drone x4  
  40  3:59  Drone x5  
  40  4:02  Extractor  
  48  4:04  Extractor  
  48  4:06  Extractor  
  48  4:07  Zergling x4  
  48  4:15  Lair  
  48  4:20  Zergling x4  
  50  4:31  Drone x6  
  53  4:32  Drone x3  
  59  4:46  Drone x3  
  59  4:48  Queen  
  64  5:10  Overlord x2  
  63  5:16  Hydralisk Den  
  63  5:17  Roach x2  
  63  5:20  Overseer  
  66  5:22  Overseer  
  66  5:36  Hatchery  
  66  5:37  Roach x4  
  66  5:38  Roach x5  
  80  6:00  Roach  
  80  6:03  Pneumatized Carapace  
  82  6:04  Overlord x2  
  82  6:24  Roach x4  
Tags
 
Add a new tag
Caveats
  • Supply blocks, unpowered buildings, or Contaminate may cause inaccurate times.
  • Supply counts are checked every 10 seconds.